AoeStats
← IdliDosa

Nomad

507749776Analyzed
2v2 RM · 12d ago on Sep 19, 2026· 85m 37s· 4 players
Game mode
Random Map
Map size
176×176
Population
200
Speed
Normal
Resources
Standard
Victory
Conquest
Starting age
Dark Age
Ending age
Imperial Age
RankedLock teamsTeams togetherTeam positionsShared explorationLock speedFull tech treeHidden civsTurbo modeCheats
Victory
Defeat
🇸🇪 Dravidians · Sweden
1257
+14
🇮🇳 Koreans · India
1199
+18
🇺🇸 Malay · United States
1219
-16
🇺🇸 Lithuanians · United States
1218
-16
Lando
7:27 Loom
13:31 Feudal Age
16:21 Double-Bit Axe
18:53 Castle Age
17:20 Town Watch
29:46 Scale Barding Armor
33:57 Fletching
35:35 Forging
38:09 Bloodlines
37:59 Husbandry
42:39 Imperial Age
43:42 Conscription
44:24 Husbandry
45:32 Chain Barding Armor
48:15 Plate Barding Armor
48:52 Iron Casting
53:08 Wheelbarrow
53:07 Bodkin Arrow
54:57 Horse Collar
59:54 Bracer
60:55 Elite Leitis
68:52 Man-at-Arms
69:33 Squires
69:18 Arson
70:26 Scale Mail Armor
69:48 Long Swordsman
70:29 Two-Handed Swordsman
76:00 Champion
78:05 Chain Mail Armor
82:36 Bow Saw
82:57 Padded Archer Armor
82:29 Light Cavalry
84:14 Elite Skirmisher
84:59 Thumb Ring
85:17 Ballistics
KingCon
9:09 Loom
12:30 Feudal Age
17:56 Castle Age
16:13 Fletching
18:12 Medium Warships
18:52 Bodkin Arrow
20:26 Crossbowman
28:46 Padded Archer Armor
38:23 Leather Archer Armor
52:00 Imperial Age
49:18 Elite Skirmisher
50:27 Ballistics
50:31 Masonry
50:58 Arbalester
52:40 Bracer
55:37 Chemistry
58:39 Murder Holes
72:28 Double-Bit Axe
72:50 Elite Skirmisher
barış
5:36 Loom
15:26 Feudal Age
21:52 Castle Age
20:36 Fletching
20:46 Padded Archer Armor
22:54 Medium Warships
24:06 Bodkin Arrow
24:26 Leather Archer Armor
28:07 Forging
28:02 Scale Barding Armor
31:04 Double-Bit Axe
32:26 Wheelbarrow
31:49 Horse Collar
33:38 Fishing Lines
33:41 Elite Skirmisher
35:33 Gillnets
36:02 Gold Mining
36:03 Stone Mining
36:52 Hand Cart
37:25 Bow Saw
40:33 Imperial Age
39:41 Ballistics
40:39 Thumb Ring
41:44 Squires
41:05 Pikeman
43:31 Bracer
44:01 Ring Archer Armor
45:56 Chemistry
46:59 Iron Casting
46:46 Chain Barding Armor
49:32 Town Watch
50:16 Conscription
49:51 Halberdier
50:57 Town Patrol
53:29 Two-Man Saw
54:31 Blast Furnace
53:31 Scale Mail Armor
56:49 Chain Mail Armor
57:16 Hoardings
56:09 Light Cavalry
56:50 Husbandry
60:27 Gambesons
60:28 Arson
61:14 Plate Mail Armor
64:27 Heavy Plow
63:54 Elite Cannon Galleon
76:57 Wootz Steel
IdliDosa
4:26 Loom
14:05 Feudal Age
18:47 Castle Age
18:58 Fletching
25:41 Bodkin Arrow
36:23 Ballistics
37:46 Murder Holes
40:20 Double-Bit Axe
40:17 Horse Collar
48:56 Bow Saw
49:09 Gambesons
51:15 Pikeman
53:24 Forging
53:14 Scale Mail Armor
53:50 Heavy Plow
55:19 Iron Casting
55:36 Wheelbarrow
55:12 Squires
55:54 Chain Mail Armor
55:43 Gold Mining
57:16 Hand Cart
56:47 Town Watch
62:32 Imperial Age
60:52 Gold Shaft Mining
60:07 Stone Mining
61:59 Elite Skirmisher
62:45 Thumb Ring
63:19 Bracer
64:22 Chemistry
63:49 Conscription
63:57 Eupseong
63:50 Halberdier
65:26 Plate Mail Armor
66:42 Masonry
66:38 Siege Engineers
85:22 Arson
Connection lost

Rejoining the realm…

Still unreachable

The connection could not be restored.

Session expired

The server has moved on; the page needs a fresh start.